 Dungeon Crawl Stone Soup version 0.31-a0-1321-g5021b54cb2 (webtiles) character file.

Game seed: 9626509290257616343

0 dialectric the Sneak (level 1, 0/19 HPs)
             Began as a Minotaur Delver on Dec 20, 2023.
             Was an Initiate of Okawaru.
             Shot with an arrow by a centaur (11 damage)
             ... on level 5 of the Dungeon.
             The game lasted 00:00:50 (107 turns).

dialectric the Sneak (Minotaur Delver)               Turns: 107, Time: 00:00:50

Health: 0/19       AC:  3    Str: 16    XL:     1   Next: 0%
Magic:  0/0        EV: 11    Int:  7    God:    Okawaru [......]
Gold:   0          SH:  0    Dex: 11    Spells: 0/0 levels left

rFire   . . .        a - +0 mace
rCold   . . .        (no shield)
rNeg    . . .        b - +0 leather armour
rPois   .            (helmet restricted)
rElec   .            (no cloak)
rCorr   .            (no gloves)
SInv    .            (no boots)
Will    .....        (no amulet)
Stlth   ++           (no ring)
HPRegen 0.23/turn    (no ring)
MPRegen 0.07/turn

%: no passive effects
@: no status effects
A: horns 2, retaliatory headbutt
a: Renounce Religion


You were on level 5 of the Dungeon.
You worshipped Okawaru.
Okawaru was noncommittal.
You visited 2 branches of the dungeon, and saw 2 of its levels.

Inventory:

Hand Weapons
 a - a +0 mace (weapon)
Armour
 b - a +0 leather armour (worn)
Wands
 g - a wand of digging (3)
Scrolls
 c - a scroll of fog
 d - a scroll of revelation
 e - a scroll of fear
Potions
 f - a potion of haste


   Skills:
 + Level 3.6 Fighting
 + Level 2.4 Maces & Flails
 + Level 2.1 Dodging
 + Level 4.1 Stealth


You couldn't memorise any spells.
You didn't know any spells.
Your spell library was empty.

Dungeon Overview and Level Annotations

Branches:
Dungeon (5/15)             Temple (1/1) D:5

Altars:
Cheibriados
Dithmenos
Elyvilon
Fedhas
Gozag
Hepliaklqana
Kikubaaqudgha
Makhleb
Nemelex Xobeh
Okawaru
Qazlal
Ru
Trog
Vehumet
Wu Jian
Xom
Yredelemnul
Zin
The Shining One


Innate Abilities, Weirdness & Mutations

You have a pair of horns on your head.
You reflexively headbutt those who attack you in melee.


Message History

Press < or > to pray at altars.
Unknown command.
Press < or > to pray at altars.
You kneel at the altar of Gozag.
Gozag does not accept service from beggars like you!
The service fee for joining is currently 17 gold; you have none.
Unknown command.
Press < or > to pray at altars.
There is a stormy altar of Qazlal here.
Found a white marble altar of Elyvilon.
There is an iron altar of Okawaru here.
You kneel at the altar of Okawaru.
Okawaru welcomes you!
What level of the Dungeon? (default 5, ? - help)
There is a staircase back to the Dungeon here.
You climb upwards.
There is a staircase to the Ecumenical Temple here.
Unknown command.
You hit the butterfly.
You kill the butterfly!
No target in view!
Found an escape hatch in the floor.
No target in view!
A shadow imp comes into view.
The shadow imp moves out of view.
No target in view!
A centaur comes into view.
The shadow imp shouts, "Give up, thou grime-gilt spur-galled meatloaf!"
A scorpion comes into view.
The centaur wields a +0 shortbow.
The centaur shoots an arrow.
The arrow completely misses you.
The centaur shoots an arrow.
The arrow closely misses you.
There are monsters nearby!
The shadow imp shouts, "Out, out, thou tottering weeb-spouting cow!"
The centaur shoots an arrow.
The arrow hits you!
You sock the shadow imp!
The shadow imp is heavily wounded.
The centaur shoots an arrow.
The arrow hits you!
Ouch! That really hurt!
You die...

#.#...#.#.#
#.#..##.#...
#..........#
####.#####.##.
####...>.......
#.......###.#
#.#####.#
###.#####.#
......5@..#
....##.#..# #
......#
.......##
#..#.##s#
....#. ... .#.
c. ... #
.......


You could see a centaur, a scorpion and a shadow imp.

Vanquished Creatures
  A butterfly (D:5)
1 creature vanquished.

Notes
Turn   | Place    | Note
-------+----------+-------------------------------------------
     0 | D:5      | dialectric the Minotaur Delver began the quest for the Orb.
     0 | D:5      | Reached XP level 1. HP: 19/19 MP: 0/0
     5 | Temple   | Entered the Ecumenical Temple
    73 | Temple   | Became a worshipper of Warmaster Okawaru
   104 | D:5      | Noticed a centaur
   104 | D:5      | Noticed a scorpion
   107 | D:5      | Shot with an arrow by a centaur

Illustrated notes

Levels and vault maps discovered:
D:5:      layout_loops_cross, minmay_temple_entry_butterflies,
          kennysheep_generic_room_11
Temple:   compressed_dpeg_triangle_lava_temple

Action                     || total
---------------------------++-------
  Melee: Mace              ||     2
 Armour: Leather armour    ||     2
  Dodge: Dodged            ||     2

Table legend: (Time is in decaauts)
 A = Elapsed time spent in this place.
 B = Non-inter-level travel time spent in this place.
 C = Inter-level travel time spent in this place.
 D = Time resting spent in this place.
 E = Time spent auto-exploring this place.
 F = Levels seen in this place.
 G = Mean time per level.
                   A        B        C        D        E       F      G
               +--------+--------+--------+--------+--------+-----+--------+
         Total |    107 |     93 |     14 |      0 |     12 |   2 |   53.5 |
       Dungeon |     24 |     23 |      1 |      0 |     12 |   1 |   24.0 |
        Temple |     82 |     69 |     13 |      0 |      0 |   1 |   82.0 |
               +--------+--------+--------+--------+--------+-----+--------+

Top non-repeatable levels by time:
  Temple: 82 daAuts
     D:5: 24 daAuts
